Cogmind - Beta 16.1 @@@ ROGUE MODE // 2026.02.02 @ 17:41:14 Player: BlobtheGreat Result: Destroyed by Piercing Trap Performance ------------- Evolutions (0) 0 Regions Visited (2) 400 Robots Destroyed (38) 190 Value Destroyed (858) 858 Prototype IDs (13) 260 Alien Tech Used (0) 0 Bonus (0) 0 TOTAL SCORE: 1708 Bonus ------- None Cogmind --------- Core Integrity 0/250 Matter 250/300 Energy 196/200 System Corruption 0% Temperature Cool (2) Movement Treading (320) Ox2 Location -10/Subcaves Parts ------- > --- POWER (1) -------- Subdweller Power Source > --- PROPULSION (2) --- Light Treads Light Treads > --- UTILITY (2) ------ Huge Storage Unit Seismic Detector > --- WEAPON (2) ------- Subdweller Beam Cannon Makeshift Sword > --- INVENTORY (25) --- Subdweller Power Source Subdweller Power Source Meta Core Light Treads Subdweller Monowheel Large Storage Unit High-capacity Matter Pod (200) High-capacity Matter Pod (200) Makeshift Kinetic Plating Makeshift Hacking Suite Makeshift Hacking Suite Power Bank Medium Laser Subdweller Laser Beam Cannon Subdweller Beam Cannon Light Assault Rifle Subdweller Machine Gun Barrage Gun Battle Cannon Battle Cannon Subdweller Shrapnel Launcher Botcube Peak State ------------ > --- POWER ------------ Subdweller Power Source > --- PROPULSION ------- Light Treads Light Treads > --- UTILITY ---------- Huge Storage Unit Makeshift Kinetic Plating > --- WEAPON ----------- Subdweller Beam Cannon Makeshift Sword > --- INVENTORY -------- Subdweller Power Source Subdweller Power Source Meta Core Light Treads Subdweller Monowheel Large Storage Unit High-capacity Matter Pod High-capacity Matter Pod Seismic Detector Makeshift Hacking Suite Makeshift Hacking Suite Power Bank Medium Laser Subdweller Laser Beam Cannon Subdweller Beam Cannon Light Assault Rifle Subdweller Machine Gun Barrage Gun Battle Cannon Battle Cannon Subdweller Shrapnel Launcher Botcube [Rating: 21] Favorites ----------- Power Subdweller Power Source Engine Subdweller Power Source Propulsion Light Treads Treads Light Treads Utility Huge Storage Unit Device Seismic Detector Storage Huge Storage Unit Protection Makeshift Kinetic Plating Weapon Subdweller Beam Cannon Energy Cannon Subdweller Beam Cannon Ballistic Gun Assault Rifle Ballistic Cannon Battle Cannon Launcher Grenade Launcher Slashing Weapon Makeshift Sword Build | -11 -10 -10 ------- Run | Yrd Mat Sub Slots Evolved . | . . . Power . | . . . Propulsion . | . . . Utility . | . . . Weapon . | . . . Parts Attached 23 | 6 3 14 Power 3 | 1 . 2 Engine 3 | 1 . 2 Core . | . . . Reactor . | . . . Propulsion 6 | 2 1 3 Treads 6 | 2 1 3 Leg . | . . . Wheel . | . . . Hover . | . . . Flight . | . . . Utility 5 | 1 1 3 Device 1 | . . 1 Storage 3 | 1 1 1 Processor . | . . . Hackware . | . . . Protection 1 | . . 1 Artifact . | . . . Weapon 9 | 2 1 6 Energy Gun . | . . . Energy Cannon 2 | . . 2 Ballistic Gun 3 | 2 . 1 Ballistic Cannon 1 | . . 1 Launcher 2 | . 1 1 Special Weapon . | . . . Impact Weapon . | . . . Slashing Weapon 1 | . . 1 Piercing Weapon . | . . . Special Melee Weapon . | . . . Unidentified Prototypes . | . . . Parts Lost 8 | . 1 7 Power 2 | . . 2 Propulsion 4 | . 1 3 Utility . | . . . Weapon 2 | . . 2 Highest Loss Streak 2 | . 1 2 To Critical Strikes . | . . . Average Backups 15 | 3 9 18 Power 1 | . 1 2 Propulsion 2 | 1 3 2 Utility 5 | . 3 6 Weapon 5 | . 1 7 Tool/Special . | . . . Unused Backups 21 | 2 2 17 Power 2 | . . 2 Propulsion 6 | 2 2 2 Utility 6 | . . 6 Weapon 6 | . . 6 Tool/Special 1 | . . 1 Average Slot Usage (%) 94 | . 84 98 Engine 13 | . 14 13 Treads 27 | . 27 27 Device 8 | . . 11 Storage 14 | . 14 14 Protection 1 | . . 1 Energy Cannon 8 | . . 12 Ballistic Gun 12 | . 27 7 Ballistic Cannon 3 | . . 4 Slashing Weapon 2 | . . 3 Peak Build Rating 21 | 7 8 21 Average Rating 13 | 6 7 15 On Entrance 5 | . 7 8 Avg Prop Armor Cover (%) . | . . . Naked Turns . | . . . Heaviest Build 104 | 11 26 104 Greatest Support 40 | 40 40 40 Greatest Overweight (x) 4 | . . 4 Average Overweight (x) . | . . 1 Largest Inventory Capacity 25 | 8 15 25 Average Capacity 20 | 7 14 23 Most Carried 25 | 7 12 25 Average Carried 16 | 4 10 19 Final Capacity 25 | 8 15 25 Final Carried 23 | 6 12 23 Class Distribution -------------------- 97% | Mutant Dominant Class ---------------- Mutant | -10/Materials Mutant | -10/Subcaves Resources | -11 -10 -10 ----------- Run | Yrd Mat Sub Matter Collected 1252 | 286 555 411 Remotely . | . . . Salvage Created 1040 | 126 507 407 Parts 73 | 8 39 26 Haulers Intercepted 2 | . 2 . Recyclers Shooed 8 | 2 6 . Parts Field Recycled . | . . . Retrieved Matter . | . . . Parts Self-Destructed 13 | . . 13 Prevented . | . . . Parts Restored . | . . . Kills | -11 -10 -10 ------- Run | Yrd Mat Sub Combat Hostiles Destroyed 30 | . 15 15 Guns 11 | . 10 1 Cannons 4 | . . 4 AOE 13 | . 5 8 Classes Destroyed 8 | 2 5 1 Worker 1 | . 1 . Builder 1 | . 1 . Tunneler 3 | 3 . . Hauler 2 | . 2 . Recycler 1 | 1 . . Swarmer 12 | . 8 4 Grunt 7 | . 7 . Subdweller 11 | . . 11 Best Kill Streak 4 | 3 4 4 Combat Bots Only 4 | . 4 4 Max Kills in Single Turn 3 | 1 3 3 Gunslinging . | . . . Exploded 3 | . 3 3 Melee . | . . . Uniques/NPCs Destroyed . | . . . Combat | -11 -10 -10 -------- Run | Yrd Mat Sub Hostile Shots Fired 137 | . 56 81 Missed 31 | . 10 21 Hits 106 | . 46 60 Projectile 106 | . 46 60 Critical Strikes 1 | . . 1 Damage Taken 1649 | . 531 1118 Core 252 | . 100 152 Absorbed by Shields . | . . . Ignored by Resistances 25 | . . 25 Core Remaining (%) 100 | 100 . . Volleys Fired 94 | 7 43 44 Largest 2 | 2 2 2 Hottest 113 | 40 40 113 Shots Fired 146 | 14 84 48 Gun 103 | 14 82 7 Cannon 29 | . . 29 Launcher 14 | . 2 12 Special . | . . . Kinetic 105 | 14 82 9 Thermal 28 | . . 28 Explosive 13 | . 2 11 Electromagnetic . | . . . Robot Hit Streak 14 | 3 7 14 Robot Miss Streak 4 | 2 4 2 Penetration Max . | . . . Secondary Targets 1 | . 1 . Max Gunslinging Chain 1 | . 1 . Shots Hit Robots 89 | 7 47 35 Core Hits 49 | 4 30 15 Critical Kills 3 | . 1 2 Critical Parts Destroyed . | . . . Critical Strikes 3 | . 1 2 Meltdown 2 | . . 2 Destroy 1 | . 1 . Melee Attacks 13 | . . 13 Impact . | . . . Slashing 13 | . . 13 Piercing . | . . . Sneak Attacks . | . . . Combat Hostiles . | . . . Follow-up Attacks . | . . . Damage Inflicted 2414 | 89 866 1459 Guns 734 | 89 572 73 Cannons 683 | . . 683 Explosions 945 | . 242 703 Melee . | . . . Ramming 52 | . 52 . Kinetic 734 | 89 572 73 Thermal 683 | . . 683 Explosive 945 | . 242 703 Electromagnetic . | . . . Impact . | . . . Slashing . | . . . Piercing . | . . . Highest Corruption . | . . . Average Corruption . | . . . Corruption Purged . | . . . Corruption Blocked . | . . . Overload Shots . | . . . Overflow Damage 63 | . 5 58 Projectiles . | . . . Explosions 63 | . 5 58 Melee . | . . . Knockbacks . | . . . Impact . | . . . Kinetic . | . . . Secondary . | . . . Self-Inflicted Damage 177 | . 29 148 Shots 8 | . 1 7 Rammed 14 | 1 13 . Targets Rammed 14 | 1 13 . Kicked . | . . . Crushed . | . . . Highest Temperature 43 | . 43 18 Average Temperature 13 | . 20 5 Received Heat Transfer 456 | . 228 228 Siege Activations . | . . . Martial Activations . | . . . Shielding Activations . | . . . Robots Disrupted . | . . . Combat Hostiles . | . . . Robots Corrupted . | . . . Combat Hostiles . | . . . Parts Fried . | . . . Impact Corruptions . | . . . Robots Melted 2 | . . 2 Combat Hostiles 2 | . . 2 Parts Melted 3 | . . 3 Heat Transferred 925 | . . 925 Parts Sabotaged . | . . . Parts Stolen . | . . . Parts Stripped . | . . . Power Chain Reactions . | . . . Alert | -11 -10 -10 ------- Run | Yrd Mat Sub Maximum Alert Level 1 | . 1 . Low Security (%) 99 | 100 99 . Level 1 . | . . . Level 2 . | . . . Level 3 . | . . . Level 4 . | . . . Level 5 . | . . . High Security . | . . . Max Security . | . . . Peak Influence 200 | 10 200 . Initial . | . . . Average 62 | 1 71 . Influence Increases 615 | 20 455 140 Destroy 0b10 Robot/C 380 | . 300 80 Destroy 0b10 Robot/NC 40 | 20 20 . Destroy Leader 64 | . 64 . Successful Hack 10 | . 10 . Disable Machine 15 | . 15 . Destroy Structure 16 | . 16 . Lose Combat Pursuer 90 | . 30 60 Influence Decreases 615 | 20 366 229 Entered New Map 44 | . . 44 Time Decay 541 | 20 356 165 Lost Part 30 | . 10 20 Squads Dispatched 2 | . 2 . Investigation . | . . . Extermination . | . . . Reinforcement 2 | . 2 . Assault . | . . . Garrison . | . . . Intercept . | . . . Searches Triggered . | . . . Construction Impeded . | . . . Haulers Reinforced . | . . . Active Scanning Responses . | . . . Cargo Convoy Interrupts . | . . . Stealth | -11 -10 -10 --------- Run | Yrd Mat Sub Distress Signals 4 | . 4 . Communications Jammed . | . . . Distress Signals . | . . . Times Spotted 46 | . 25 21 Peak Tracking Total 6 | . 5 6 Tactical Retreats 3 | . 1 2 Traps | -11 -10 -10 ------- Run | Yrd Mat Sub Traps Triggered 1 | . . 1 Indirectly . | . . . Trap Hack Attempts . | . . . Triggered . | . . . Disarmed . | . . . Reprogrammed . | . . . Reused . | . . . Traps Extracted . | . . . Installed . | . . . Triggered . | . . . Machines | -11 -10 -10 ---------- Run | Yrd Mat Sub Machines Disabled 2 | . 1 1 Max in Single Turn 1 | . 1 1 Machines Repaired . | . . . Machines Dismantled . | . . . Machines Sabotaged . | . . . Overloaded Fab Kills . | . . . Hacking | -11 -10 -10 --------- Run | Yrd Mat Sub Machines Accessed 6 | . 5 1 Terminals 5 | . 5 . Fabricators . | . . . Repair Stations . | . . . Recycling Units . | . . . Scanalyzers . | . . . Garrison Access . | . . . Total Hacks 17 | . 16 1 Successful 11 | . 10 1 Failed 6 | . 6 . Catastrophic 1 | . 1 . Database Lockouts . | . . . Manual 13 | . 13 . Terminals 16 | . 16 . Fabricators . | . . . Repair Stations . | . . . Recycling Units . | . . . Scanalyzers . | . . . Garrison Access . | . . . Terminal Hacks 5 | . 4 1 Robot Analysis 3 | . 3 . Zone Layout 1 | . 1 . Proto ID Catalog 1 | . . 1 Fabricator Hacks . | . . . Repair Station Hacks . | . . . Recycling Unit Hacks . | . . . Scanalyzer . | . . . Garrison Access Hacks . | . . . Unauthorized Hacks 6 | . 6 . Terminals 6 | . 6 . Botnet 2 | . 2 . Skim 4 | . 4 . Fabricators . | . . . Repair Stations . | . . . Recycling Units . | . . . Scanalyzers . | . . . Garrison Access . | . . . Data Cores Recovered . | . . . Used . | . . . Hacking Detections 3 | . 3 . Full Trace Events . | . . . Feedback Events . | . . . Feedback Blocked . | . . . Robot Schematics Acquired . | . . . Robots Built . | . . . Authchips . | . . . Time . | . . . Total Robot Build Rating . | . . . Part Schematics Acquired . | . . . Parts Built . | . . . Authchips . | . . . Time . | . . . Total Part Build Rating . | . . . Part Studies Acquired . | . . . Parts Repaired . | . . . Time . | . . . Parts Recycled . | . . . Recycled Matter . | . . . Retrieved Matter . | . . . Retrieved Components . | . . . Parts Scanalyzed . | . . . Part Schematics Acquired . | . . . Parts Damaged . | . . . Bothacking | -11 -10 -10 ------------ Run | Yrd Mat Sub Used RIF Installer . | . . . Robots Hacked . | . . . Non-combat . | . . . Combat . | . . . Robot Hacks Applied . | . . . Relay Couplers Released . | . . . Fabnet Peak Effective % . | . . . Robots Rewired . | . . . Allies Hacked . | . . . Hacks Repelled . | . . . Allies | -11 -10 -10 -------- Run | Yrd Mat Sub Total Allies . | . . . Largest Group . | . . . Highest-Rated Group . | . . . Highest-Rated Ally . | . . . Total Orders . | . . . Ally Attacks . | . . . Total Damage . | . . . Kills . | . . . Allies Corrupted . | . . . Allies Melted . | . . . Intel | -11 -10 -10 ------- Run | Yrd Mat Sub Active Infowar (turns) 3210 | . . 3210 Seismic 3210 | . . 3210 Robot Analysis Total 3 | . 3 . Derelict Logs Recovered 2 | . . 2 Drone Launches . | . . . Drone Recoveries . | . . . Exploration | -11 -10 -10 ------------- Run | Yrd Mat Sub Turns Passed 5299 | 196 1327 3776 Spaces Moved 1977 | 102 650 1225 Core 4 | 4 . . Treads 1973 | 98 650 1225 Legs . | . . . Wheels . | . . . Hover . | . . . Flight . | . . . Fastest Speed 50 | 50 160 160 Average Speed 234 | 155 160 280 Slowest Speed 480 | 160 160 480 Overloaded Moves . | . . . Propulsion Burnouts . | . . . Robots Hopped . | . . . Potential Cave-ins . | . . . Cave-ins Triggered . | . . . Exploration Rate (%) 55 | 4 92 69 Regions Visited 2 Branch Regions 1 Pre-discovered Areas 1 | . . 1 Known Exits Taken . | . . . Unknown Exits Taken 2 | 1 1 . Scrap Searched 8 | . . 8 Spaces Dug 25 | . . 25 Terrain Destroyed 61 | . 15 46 Melee . | . . . Projectile 2 | . . 2 AOE 59 | . 15 44 Terrain Rammed . | . . . Walls Destroyed . | . . . Machines Disabled . | . . . Actions | -11 -10 -10 --------- Run | Yrd Mat Sub Total 2477 | 124 853 1500 Wait 296 | . 129 167 Move 1975 | 101 649 1225 Hop . | . . . Pick Up 34 | 7 9 18 Fast Attach 9 | 6 1 2 Attach 9 | . 1 8 Detach 2 | . 1 1 Swap 24 | . 4 20 Drop 7 | 2 3 2 Fire 94 | 7 43 44 Melee 13 | . . 13 Ram . | . . . Kick . | . . . Crush 14 | 1 13 . Escape Stasis . | . . . Rewire . | . . . Trap . | . . . Miscellaneous . | . . . Route ------- -11/Scrapyard -10/Materials (discovered 5 exits: [*Mat x3] / [*Min] / *Sub) -10/Subcaves (discovered 1 exit: [*Mat]) History --------- Turn | Location | Event 72 | -11/Scrapyard | Discovered new exit (range 16) 197 | -11/Scrapyard | Entered Materials 319 | -10/Materials | Build established: Mutant 441 | -10/Materials | Discovered new exit (range 14) 860 | -10/Materials | Discovered new exit (range 4) 1013 | -10/Materials | Discovered new exit (range 7) 1045 | -10/Materials | Discovered new exit (range 16) 1250 | -10/Materials | Discovered new exit (range 15) 1524 | -10/Materials | Entered Subcaves 1525 | -10/Subcaves | Approached by a straggling Scientist 1526 | -10/Subcaves | Learned location of Zion (-6) 1717 | -10/Subcaves | A Subdweller sparked back to life 1717 | -10/Subcaves | A Subdweller sparked back to life 1717 | -10/Subcaves | A Subdweller sparked back to life 1755 | -10/Subcaves | Found Prototype Device 1886 | -10/Subcaves | Shifting Twisted Machinery released Sub. Optics 2843 | -10/Subcaves | Learned Materials trap positions 2966 | -10/Subcaves | Ambushed by Subdwellers from Twisted Machinery 2992 | -10/Subcaves | Core integrity fell below 50% 3669 | -10/Subcaves | Visited 4L-MR0's lab 3688 | -10/Subcaves | Identified Power Bank 3706 | -10/Subcaves | Found Meta Core 3869 | -10/Subcaves | Core integrity fell below 20% 3892 | -10/Subcaves | Discovered new exit (range 15) 4076 | -10/Subcaves | A swath of the cavern ceiling suddenly collapsed 4885 | -10/Subcaves | Shifting Twisted Machinery released Enh. Flamer 4933 | -10/Subcaves | Shifting Twisted Machinery released Sub. Beam Cannon 5300 | -10/Subcaves | Destroyed by Piercing Trap Last Messages --------------- 03886_ Subatomizers dissect the Sub. Monowheel. 03892_ EXIT=FOUND 03897_ Subatomizers dissect the Sub. Monowheel. 03911_ Acquired 35 matter. 03912_ Subatomizers dissect the Sub. Monowheel. A swath of the cavern ceiling suddenly collapses. 04126_ Subatomizers dissect the Sub. Optics. 04347_ Subatomizers dissect the Sub. Monowheel. 04398_ Subatomizers dissect the Sub. Monowheel, destroying it. Enh. Flamer falls loose from the Twisted Machinery. Sub. Beam Cannon falls loose from the Twisted Machinery. 04965_ Acquired Sub. Beam Cannon. 05300_ Triggered Piercing Trap. 05300_ Spikes shoot up from the floor. Map ----- +----------------------------------------------------+ | ??????????????# "" """ #???## | | ??????????????# "" |"" ##???# | | ??????????????##" ""#""#= ##????## ######## | | ???????????????## ""##### ##??????#####??????? | | ????????????????# "##???# #??????????????????? | | ???????????????## "###??#" #??????????????????? | | ???????????????# """"####" #??????????????????? | | ???????????????# " ###??????????????????? | | ???????????????## ##????????????????????? | | ???????????????## ## #?????????????????????? | | ??????????????## #######?????????????????????? | | ?????????????## #?????????????????????????? | | ?????????????# #?????????????????????????? | | ?????????????# ## ##????????????????????????? | | ?????????????# ## ##???????????????????????? | | ?????????????# ## #???????????????????????? | | ?????????????## ## #???????????????????????? | | ??????????????# ## #???????????????????????? | | ??????????????# # ###???????????????????????? | | ??????????????## ### #?????????????????????????? | | ??????????????# # #?????????????????????????? | | ??????????????# #; ##????????????????????????? | | ?????????????### #; #####????????????????????? | | ????????????## ;[ ;;# #????????????????????? | | ????????????# ^ #????????????????????? | | ????????????## ###; @ ##????????????????????? | | ?????????????## ## ; ;;;;###?????????????????????? | | ??????????????#####;;# ##???????????????????????? | | ??????????????????# #####????????????????????????? | | ??????????????????##?????????????????????????????? | | ?????????????????????????????????????????????????? | | ?????????????????????????????????????????????????? | | ?????????????????????????????????????????????????? | | ?????????????????????????????????????????????????? | | ?????????????????????????????????????????????????? | | ?????????????????????????????????????????????????? | | ?????????????????????????????????????????????????? | | ?????????????????????????????????????????????????? | | ?????????????????????????????????????????????????? | | ?????????????????????????????????????????????????? | | ?????????????????????????????????????????????????? | | ?????????????????????????????????????????????????? | | ?????????????????????????????????????????????????? | | ?????????????????????????????????????????????????? | | ?????????????????????????????????????????????????? | | ?????????????????????????????????????????????????? | | ?????????????????????????????????????????????????? | | ?????????????????????????????????????????????????? | | ?????????????????????????????????????????????????? | | ?????????????????????????????????????????????????? | +----------------------------------------------------+ Best States ------------- Heat Dissipation 25 Energy Generation 10 Energy Capacity 250 Matter Stores 300 Matter Capacity 300 Sight Range 16 Terrain Scan Density 10 Armor Coverage 100 Resistance: KI 10 Evasion (%) 40 Recoil Reduction 2 Item Schematics ----------------- None Robot Schematics ------------------ None Fabricated ------------ Nothing Repaired ---------- Nothing Studied --------- None Alien Tech Used ----------------- None Achievements -------------- None Challenges ------------ None Game ------ Seed InterceptJammingCapacitor Manual? 0 Play Time 00:14:40 Cumulative 263.5 hours Start 2026.02.01 @ 18:55:37 End 2026.02.02 @ 17:41:14 Sessions 2 Manual Loads 0 Difficulty Rogue Special Mode None Game No. 260 Rogue 260 Adventurer 0 Explorer 0 Win Type - Total 13 Types 9/1/2/0/0/0/0/0/0/1 Lore% 88 Gallery% 80 Achievement% 63 Wizard Run 0 Options --------- Layout 1 ASCII 0 Keyboard 1 Movement Arrows Keybinds 0 Fullscreen 1 Font 24/Smallcaps Map View 50x40 Zoom Use 0% Tactical HUD 1 Map Filters NONE Filters NONE Steam 1 RUN: 3ade4378-7c8d-42b5-9d60-f0f10f6a099e